Map: Jagannatha LE

Players

Syringe

  • Race: Zerg Zerg
  • League: Gold
  • Spawn Location: 1:00

ViBE - Winner!

  • Race: Protoss Protoss
  • League: Platinum
  • Spawn Location: 7:00

VOD

Have the link to the VOD?

Description

Time

  • Played on: March 27, 2021, 8:23 p.m.
  • Length: 12:41
Show
View Real Time Build Order
Export as new Build Order

Syringe Zerg 

Build Orders: Hatch First 

Get SALT Encoding   

  12  0:01  Drone  
  13  0:12  Overlord  
  13  0:16  Drone  
  14  0:35  Drone x3  
  17  0:54  Hatchery  
  16  1:01  Drone  
  16  1:02  Drone  
  18  1:13  Drone  
  18  1:16  Extractor  
  18  1:18  Spawning Pool  
  17  1:28  Drone  
  18  1:33  Drone  
  19  1:42  Overlord  
  19  1:58  Drone  
  20  2:07  Drone x2  
  22  2:08  Queen  
  22  2:09  Queen  
  26  2:22  Roach Warren  
  25  2:25  Drone x3, Extractor  
  27  2:31  Overlord  
  27  2:38  Drone x2  
  29  2:56  Drone x3  
  32  2:59  Queen x2  
  36  3:06  Overlord  
  36  3:14  Drone x2  
  38  3:23  Drone x2  
  38  3:24  Drone x4  
  44  3:32  Drone  
  45  3:54  Lair  
  45  4:02  Drone  
  46  4:04  Drone  
  46  4:06  Drone x3  
  50  4:10  Hatchery  
  50  4:12  Extractor  
  50  4:16  Extractor  
  47  4:26  Overlord  
  47  4:28  Overlord  
  47  4:32  Overlord  
  47  4:36  Overlord  
  47  4:45  Drone x8  
  55  4:49  Drone  
  55  4:50  Drone x2  
  58  4:58  Drone  
  58  4:59  Drone  
  60  5:06  Glial Reconstitution  
  60  5:16  Hydralisk Den  
  60  5:19  Infestation Pit  
  60  5:21  Drone  
  59  5:22  Drone  
  60  5:49  Drone x12  
  74  5:50  Drone x2  
  74  5:55  Extractor  
  73  5:57  Extractor  
  73  6:01  Queen x2  
  73  6:02  Queen  
  78  6:05  Drone x3  
  78  6:07  Hatchery  
  80  6:21  Overlord x2  
  80  6:23  Overlord  
  80  6:24  Overlord  
  80  6:26  Overlord  
  80  6:28  Overlord  
  80  6:29  Overlord  
  80  6:30  Overlord  
  80  6:31  Overlord  
  80  6:33  Overlord  
  80  6:36  Overlord  
  80  6:47  Drone x9  
  89  6:59  Grooved Spines  
  89  7:01  Pneumatized Carapace, Hive  
  89  7:06  Drone x6  
  95  7:11  Extractor  
  95  7:13  Extractor  
  95  7:14  Drone x3  
  97  7:15  Drone x2  
  97  7:16  Drone  
  97  7:21  Drone  
  102  7:22  Roach  
  102  7:23  Roach x4  
  110  7:43  Overlord  
  110  7:45  Overlord  
  110  7:46  Overlord  
  110  7:47  Overlord  
  110  7:49  Overlord  
  110  7:50  Roach x4  
  110  7:51  Roach x7  
  132  7:57  Overseer  
  132  7:58  Overlord  
  132  8:01  Overlord  
  132  8:05  Overseer  
  132  8:10  Muscular Augments  
  132  8:12  Roach x15  
  164  8:13  Roach  
  164  8:19  Roach x2  
  170  8:20  Roach  
  170  8:40  Spire  
  170  8:41  Spire  
  168  8:45  Hydralisk  
  168  8:46  Hydralisk x10  
  168  8:48  Overseer, Overlord  
  190  8:52  Extractor  
  190  8:53  Hatchery  
  188  8:57  Extractor  
  188  9:00  Drone x3  
  191  9:02  Drone  
  191  9:03  Drone x2  
  193  9:11  Hydralisk x3  
  197  9:36  Hydralisk x4  
  199  9:40  Hydralisk x2  
  199  9:41  Hydralisk x2  
  187  10:02  Hydralisk x6  
  187  10:20  Hydralisk x17  
  187  10:21  Hydralisk  
  198  10:28  Overlord  
  181  10:31  Roach  
  155  10:40  Hydralisk  
  155  10:41  Hydralisk x4  
  85  11:12  Roach x12  
  85  11:13  Roach x4  
  113  11:19  Queen x3  
  113  11:21  Roach  
  89  11:37  Roach x8  
  101  11:43  Hydralisk  
  101  11:44  Hydralisk x6  
  115  11:47  Overseer  
  74  12:11  Hatchery  
Show
View Real Time Build Order
Export as new Build Order

ViBE Protoss - Winner!

Build Orders: 1 Gate Expand, Archon Immortal 

Get SALT Encoding   

  12  0:00  Probe  
  13  0:12  Probe  
  14  0:22  Pylon  
  14  0:24  Probe  
  15  0:40  Probe (Chrono Boost), Gateway  
  16  0:46  Assimilator  
  17  0:51  Probe (Chrono Boost)  
  17  0:56  Probe (Chrono Boost)  
  18  1:06  Probe  
  20  1:18  Probe  
  19  1:29  Nexus  
  19  1:31  Probe  
  20  1:39  Cybernetics Core  
  20  1:43  Probe  
  20  1:46  Assimilator  
  21  1:55  Pylon  
  21  1:57  Probe  
  22  2:09  Probe  
  23  2:15  Stalker  
  23  2:16  Warp Gate  
  23  2:21  Probe (Chrono Boost)  
  26  2:34  Probe (Chrono Boost)  
  27  2:39  Probe (Chrono Boost)  
  27  2:41  Probe (Chrono Boost)  
  29  2:46  Sentry  
  29  2:49  Gateway  
  33  2:51  Robotics Facility  
  33  2:53  Probe (Chrono Boost)  
  33  2:54  Probe (Chrono Boost)  
  33  2:58  Probe (Chrono Boost)  
  33  3:00  Probe (Chrono Boost)  
  35  3:07  Probe (Chrono Boost)  
  37  3:13  Probe (Chrono Boost)  
  37  3:16  Stalker  
  37  3:18  Probe (Chrono Boost)  
  40  3:21  Probe (Chrono Boost)  
  40  3:23  Probe (Chrono Boost), Pylon  
  40  3:26  Probe  
  42  3:27  Pylon  
  42  3:32  Pylon  
  42  3:34  Probe  
  44  3:42  Immortal  
  44  3:47  Probe x2  
  50  4:04  Stalker  
  50  4:05  Stalker  
  50  4:06  Probe x2  
  56  4:11  Nexus  
  56  4:16  Pylon  
  56  4:20  Pylon  
  56  4:22  Observer  
  56  4:23  Probe x2  
  59  4:27  Assimilator  
  59  4:28  Assimilator  
  59  4:30  Stalker  
  61  4:34  Stalker  
  63  4:40  Probe x2 (Chrono Boost)  
  65  4:46  Immortal  
  65  4:52  Probe (Chrono Boost)  
  70  4:54  Probe (Chrono Boost)  
  70  4:56  Probe (Chrono Boost)  
  72  5:00  Probe  
  72  5:06  Probe  
  72  5:07  Stalker x2  
  76  5:13  Probe  
  79  5:16  Twilight Council  
  79  5:18  Probe, Forge  
  80  5:22  Forge  
  80  5:25  Probe  
  80  5:26  Probe  
  82  5:30  Probe  
  83  5:37  Probe, Immortal  
  83  5:38  Probe  
  83  5:39  Charge  
  89  5:43  Probe  
  89  5:46  Gateway x2  
  89  5:49  Gateway  
  90  5:51  Protoss Ground Weapons Level 1 (Chrono Boost), Protoss Ground Armor Level 1 (Chrono Boost)  
  90  5:53  Probe x2  
  92  6:04  Probe  
  92  6:05  Probe x2  
  92  6:07  Stalker  
  92  6:10  Stalker  
  99  6:15  Templar Archives  
  99  6:22  Probe x2  
  101  6:35  Nexus  
  101  6:38  Pylon  
  101  6:41  Pylon  
  101  6:43  Assimilator  
  101  6:45  Assimilator  
  101  6:46  Pylon  
  101  6:52  Pylon  
  101  6:55  Pylon  
  101  6:56  Probe x3, Immortal  
  101  6:59  Pylon  
  101  7:01  High Templar x2  
  112  7:02  Zealot x2  
  112  7:05  Zealot  
  112  7:06  Archon  
  118  7:08  Probe  
  118  7:10  Probe x2  
  121  7:20  Probe  
  121  7:22  Probe x2  
  124  7:33  Probe  
  124  7:34  Probe  
  124  7:36  Gateway  
  126  7:37  Gateway  
  126  7:40  Gateway, Pylon  
  126  7:41  Gateway  
  126  7:42  Probe  
  127  7:45  Probe, Protoss Ground Weapons Level 2 (Chrono Boost), Protoss Ground Armor Level 2 (Chrono Boost)  
  127  7:46  Probe  
  127  7:48  Zealot x4  
  127  7:49  Zealot  
  127  7:50  Immortal  
  143  7:54  Probe  
  144  7:59  Robotics Facility  
  144  8:00  Gateway  
  144  8:01  Gateway  
  144  8:07  Gateway  
  144  8:08  Gateway  
  144  8:11  Gateway  
  144  8:13  Gateway, High Templar x3  
  144  8:14  High Templar  
  144  8:15  Zealot  
  144  8:17  Archon  
  144  8:18  Archon  
  154  8:29  Probe x2, Gateway  
  154  8:30  Probe x2  
  154  8:31  Gateway  
  154  8:33  Assimilator  
  154  8:34  Assimilator  
  158  8:47  Gateway  
  158  8:51  High Templar  
  158  8:52  High Templar x3  
  158  8:53  Zealot x3  
  172  8:59  Pylon  
  172  9:01  Nexus  
  172  9:02  Pylon  
  172  9:04  Pylon  
  172  9:07  Pylon  
  172  9:25  Zealot x2  
  172  9:26  Zealot x5  
  172  9:27  Zealot x4  
  172  9:29  Archon x2  
  172  9:30  Nexus  
  193  9:33  Pylon  
  193  9:36  Pylon  
  187  9:59  Zealot  
  189  10:00  Zealot x4  
  189  10:01  Zealot  
  197  10:17  Nexus  
  197  10:19  Pylon  
  183  10:21  Pylon  
  183  10:27  Immortal (Chrono Boost)  
  183  10:28  Immortal (Chrono Boost)  
  181  10:32  High Templar x2  
  181  10:33  High Templar x6  
  181  10:34  High Templar x5  
  181  10:35  High Templar x2  
  199  10:38  Zealot  
  199  10:40  Archon x2  
  199  10:41  Archon x5  
  195  10:48  Zealot x2  
  181  11:07  Zealot x3  
  181  11:08  Zealot x5  
  181  11:09  Zealot x2  
  199  11:23  Pylon  
  199  11:25  Assimilator  
  195  11:27  Probe  
  195  11:30  Observer, Assimilator  
  195  11:31  Observer  
  196  11:33  Zealot  
  196  11:34  Zealot  
  186  12:17  Zealot x4  
  186  12:18  Zealot x3  
Tags
 
Add a new tag
Caveats
  • Supply blocks, unpowered buildings, or Contaminate may cause inaccurate times.
  • Supply counts are checked every 10 seconds.